 Dungeon Crawl Stone Soup version 0.29.1-1-gd02db6906a (webtiles) character file.

Game seed: 6979451929283055929

341 LustLizard the Sneak (level 6, 0/30 HPs)
             Began as a Spriggan Arcane Marksman on Sept 23, 2022.
             Killed by divine providence
             ... invoked by an orc priest
              (12 damage)
             ... on level 4 of the Dungeon.
             The game lasted 00:05:29 (2684 turns).

LustLizard the Sneak (Spriggan Arcane Marksman)     Turns: 2684, Time: 00:05:30

Health: 0/30       AC:  2    Str:  6    XL:     6   Next: 30%
Magic:  8/9        EV: 17    Int: 14    God:
Gold:   200        SH:  0    Dex: 18    Spells: 6/7 levels left

rFire   . . .      SeeInvis +   a - +1 sling
rCold   . . .      Faith    .   (no shield)
rNeg    . . .      Spirit   .   c - +0 robe
rPois   .          Reflect  .   (helmet restricted)
rElec   .          Harm     .   (no cloak)
rCorr   .          Rampage  .   (gloves unavailable)
Will    +....                   (boots unavailable)
Stlth   +++.......              d - amulet of regeneration
HPRegen 0.90/turn               (no ring)
MPRegen 0.11/turn               (no ring)

@: very quick
A: very small, no large weapons, unfitting armour, see invisible, speed 3
a: no special abilities


You were on level 4 of the Dungeon.
You visited 1 branch of the dungeon, and saw 4 of its levels.

You collected 200 gold pieces.

Inventory:

Hand Weapons
 a - a +1 sling (weapon)
 l - a +3 hand axe of freezing
Missiles
 p - a throwing net
Armour
 c - a +0 robe (worn)
 s - a +0 buckler
Jewellery
 d - an amulet of regeneration (around neck)
 i - a ring of ice
 r - an amulet of guardian spirit
Scrolls
 b - 2 scrolls of poison
 e - a scroll of teleportation {unknown}
 g - a scroll of summoning {unknown}
 j - a scroll of noise {unknown}
 m - a scroll of immolation {unknown}
 o - a scroll of enchant armour {unknown}
 q - a scroll of magic mapping {unknown}
 t - a scroll of fog {unknown}
 v - a scroll of blinking {unknown}
Potions
 f - 2 potions of haste
 h - a potion of cancellation
 k - a potion of heal wounds
 n - a potion of curing
 u - a potion of magic {unknown}


   Skills:
 + Level 2.2 Fighting
 * Level 4.5 Ranged Weapons
 - Level 2.6 Dodging
 * Level 5.9 Stealth
 - Level 1.3 Spellcasting
 - Level 4.0 Hexes


You had 6 spell levels left.
You knew the following spells:

 Your Spells              Type           Power      Damage    Failure   Level
a - Slow                  Hex            48%        N/A       4%          1

Your spell library contained the following spells:

 Spells                   Type           Power      Damage    Failure   Level
 Confusing Touch          Hex            12%        N/A       14%         3
 Sting                    Tmut/Pois      0%         1d3       26%         1
 Inner Flame              Hex/Fire       6%         N/A       32%         3
 Portal Projectile        Hex/Tloc       12%        N/A       32%         3
 Summon Guardian Golem    Hex/Summ       6%         N/A       32%         3
 Poisonous Vapours        Pois/Air       0%         N/A       36%         2
 Cause Fear               Hex            6%         N/A       43%         4
 Vampiric Draining        Necr           0%         2d6       58%         3
 Olgreb's Toxic Radiance  Pois           0%         N/A       94%         4
 Orb of Destruction       Conj           0%         9d5       100%        7
 Spellforged Servitor     Conj/Summ      0%         N/A       100%        7


Dungeon Overview and Level Annotations

Branches:
Dungeon (4/15)
 Temple: D:4-7

Altars:
Trog
The Shining One

Annotations:
D:4 2 transporters, Rom's ghost, amateur HuNe


Innate Abilities, Weirdness & Mutations

You are very small and have problems with some larger weapons.
You are too small for most types of armour.
You have supernaturally acute eyesight. (SInv)
You cover ground extremely quickly. (Speed+++)


Message History

The sling bullet closely misses the orc priest.
The orc priest begins to cast a cantrip, but forgets the words!
The orc priest mumbles some strange prayers to Beogh against you.
Beogh smites you!
Ouch! That really hurt!
You are too injured to fight recklessly!
You are too injured to fight recklessly!
Aiming: Slow (safe; 4% risk of failure)
Press: ? - help, Q - select action, (/) - cycle Shift-Dir - straight line, f/p - orc priest
Aim: an orc priest, wielding a +0 club and wearing a +0 robe (chance to affect: 50%)
The orc priest resists with significant effort.
An orc wizard comes into view. It is wielding a +0 dagger.
The orc priest looks encouraged for a moment.
Aiming: Slow (safe; 4% risk of failure)
Press: ? - help, Q - select action, (/) - cycle Shift-Dir - straight line, f/p - orc priest
Aim: an orc priest, wielding a +0 club and wearing a +0 robe (chance to affect: 50%)
Okay, then.
Fire: a) +1 sling
Press: ? - help, Q - select action, (/) - cycle Shift-Dir - straight line, f/p - orc priest
Aim: an orc priest, wielding a +0 club and wearing a +0 robe (63% to hit)
You shoot a sling bullet.
The sling bullet hits the orc priest but does no damage.
Unknown command.
Press < or > to pray at altars.
Fire: a) +1 sling
Press: ? - help, Q - select action, (/) - cycle Shift-Dir - straight line, f/p - orc priest
Aim: an orc priest, wielding a +0 club and wearing a +0 robe (63% to hit)
You shoot a sling bullet.
The sling bullet closely misses the orc priest.
The orc wizard casts a spell at you. The puff of flame hits you.
The orc priest miscasts a cantrip.
Fire: a) +1 sling
Press: ? - help, Q - select action, (/) - cycle Shift-Dir - straight line, f/p - orc priest
Aim: an orc priest, wielding a +0 club and wearing a +0 robe (63% to hit)
You shoot a sling bullet.
The sling bullet completely misses the orc priest.
The orc priest invokes the aid of Beogh against you.
Beogh smites you!
You die...

.........(......
###+#####+####........
#............†..≈≈≈≈≈≈
#...............≈≈≈≈≈≈
#....................≈
#....................≈
#..............####..≈
#.................#..≈
#))o............@.# .≈
..#######'##......#
..#........#........
..'........#.....##.#
..#..o.....#..o..# .#
###....##..#...o.# .
.##....#####.....# .
...........#.....# ##
...........


You could see an orc priest and an orc wizard.

Vanquished Creatures
  2 necrophages
  An iguana (D:4)
  An orc wizard (D:4)
  4 gnolls (D:2)
  5 adders
  A white imp (D:4)
  An ufetubus (D:4)
  A worm (D:2)
  A dart slug (D:3)
  6 orcs
  3 ball pythons
  5 bats
  6 endoplasms
  2 giant cockroaches
  4 goblins
  7 hobgoblins
  3 kobolds
  A quokka (D:1)
  5 frilled lizards
  2 goblin skeletons (D:4)
  A goblin zombie (D:4)
  5 hobgoblin zombies (D:4)
  A kobold skeleton (D:4)
  A kobold zombie (D:4)
  2 orc zombies (D:4)
  2 rats
73 creatures vanquished.

Vanquished Creatures (others)
  6 plants (D:4)
6 creatures vanquished.

Grand Total: 79 creatures vanquished

Notes
Turn   | Place    | Note
-------+----------+-------------------------------------------
     0 | D:1      | LustLizard the Spriggan Arcane Marksman began the quest for
                  | the Orb.
     0 | D:1      | Reached XP level 1. HP: 9/9 MP: 3/3
    78 | D:1      | Found a faded altar of an unknown god.
    83 | D:1      | Reached skill level 1 in Stealth
   203 | D:1      | Reached XP level 2. HP: 14/14 MP: 5/5
   408 | D:1      | Reached skill level 1 in Fighting
   538 | D:1      | Reached skill level 2 in Stealth
   538 | D:1      | Reached XP level 3. HP: 18/18 MP: 4/6
   762 | D:2      | Reached skill level 3 in Stealth
   829 | D:2      | Reached XP level 4. HP: 17/22 MP: 7/7
  1305 | D:2      | Identified the +6 falchion "Maestrie" {venom, Will+ Str+9}
  1554 | D:2      | Reached skill level 4 in Stealth
  1890 | D:3      | Reached XP level 5. HP: 26/26 MP: 8/8
  2282 | D:4      | Found a transporter.
  2345 | D:3      | Reached skill level 5 in Stealth
  2371 | D:4      | Found a transporter.
  2406 | D:4      | Found a glowing golden altar of the Shining One.
  2463 | D:4      | Noticed Rom's ghost (amateur HuNe)
  2605 | D:4      | Reached XP level 6. HP: 24/30 MP: 9/9
  2673 | D:4      | Found a bloodstained altar of Trog.
  2684 | D:4      | Killed from afar by an orc priest

Illustrated notes

Levels and vault maps discovered:
D:1:      spicycebolla_arrival_clurvy, layout_rooms,
          hellmonk_ecumenical_altar_slurped_away, dreamdust_wishing_well
D:2:      layout_basic, minmay_misc_feat_rugged
D:3:      layout_loops_ring
D:4:      layout_gridville, nicolae_tso_besieged_by_evil, slow_altar_2,
          mainiacjoe_overflow_chevrons, gammafunk_ghost_gnarly_gnolls

Skill      XL: |  1  2  3  4  5 |
---------------+----------------+-----
Stealth        | 1 2 3 4 5 |  5.9
Fighting       | 1 2 |  2.2
Hexes          | 4 |  4.0
Ranged Weapons | 3 4 |  4.5
Dodging        | |  2.6
Spellcasting   | |  1.3

Action                   |  1- 3 |  4- 6 || total
-------------------------+-------+-------++-------
Melee: Sling             |       |     1 ||     1
 Fire: Sling             |   107 |   186 ||   293
 Cast: Slow              |     7 |     2 ||     9
  Use: Scroll            |       |     5 ||     5
       Potion            |       |     1 ||     1
Armor: Robe              |     6 |     6 ||    12
Dodge: Dodged            |    38 |    44 ||    82
